 Dungeon Crawl Stone Soup version 0.20-a0-1020-g7b9e4fe (webtiles) character file.

13 M4edhros the Sneak (level 2, 0/18 HPs)
             Began as an Octopode Artificer on Apr 18, 2017.
             Slain by a goblin
             ... wielding a +0 dagger
              (1 damage)
             ... on level 3 of the Dungeon.
             The game lasted 00:01:13 (302 turns).

M4edhros the Sneak (Octopode Artificer)              Turns: 302, Time: 00:01:14

Health: 0/18       AC:  1    Str: 11    XL:     2   Next: 37%
Magic:  4/4        EV: 13    Int: 13    God:
Gold:   0          SH:  0    Dex: 12    Spells: 1/1 levels left

rFire    . . .     SeeInvis .   g - -3 dagger (curse)
rCold    . . .     Gourm    .   (no shield)
rNeg     . . .     Faith    .   (helmet restricted)
rPois    .         Spirit   .   (no amulet)
rElec    .         Reflect  .   (no ring)
rCorr    .         Harm     .   (no ring)
MR       .....                  (no ring)
Stlth    +++.......             (no ring)
Regen    0.1/turn               (no ring)
MPRegen  0.1/turn               (no ring)
                                (no ring)
                                (no ring)

@: no status effects
A: almost no armour, stealthy swim, amphibious, 8 rings, constrict 8, camouflage
1, gelatinous body 1
a: no special abilities


You were on level 3 of the Dungeon.
You were not hungry.

You visited 1 branch of the dungeon, and saw 3 of its levels.

Inventory:

Hand Weapons
 a - a +0 short sword
 g - a cursed -3 dagger (weapon)
Wands
 b - a wand of flame (15/48)
 c - a wand of enslavement (15/24)
 d - a wand of random effects (15/48)
 k - a wand of confusion (17/48)
Scrolls
 h - a scroll of remove curse {unknown}
 i - a scroll of enchant armour {unknown}
 m - a scroll of fear {unknown}
Potions
 e - a potion of haste {unknown}
 j - a potion of mutation {unknown}
 l - a potion of curing {unknown}
Comestibles
 f - a bread ration


   Skills:
 - Level 1.0 Fighting
 - Level 1.0 Short Blades
 - Level 2.0 Dodging
 + Level 3.4 Stealth
 - Level 3.2 Evocations


You had one spell level left.
You didn't know any spells.

Dungeon Overview and Level Annotations

Branches:
Dungeon (3/15)

Altars:
Hepliaklqana


Innate Abilities, Weirdness & Mutations

You cannot wear most types of armour.
You are very stealthy in the water. (Stealth+)
You are amphibious.
You can wear up to eight rings at the same time.
You can use your tentacles to constrict eight enemies at once.
Your skin changes colour to match your surroundings (Stealth+).
Your rubbery body absorbs attacks. (AC +1, EV +1)


Message History

Found 12 gold pieces and a purple potion.
You are too injured to fight recklessly!
A goblin is nearby!
You are too injured to fight recklessly!
You are too injured to fight recklessly!
A bat comes into view.
You are too injured to fight recklessly!
You are too injured to fight recklessly!
You are too injured to fight recklessly!
The goblin hits you but does no damage.
You hit the goblin but do no damage. Your grab misses the goblin.
The goblin hits you with a dagger.
* * * LOW HITPOINT WARNING * * *
You hit the goblin but do no damage. Your grab misses the goblin.
The goblin hits you with a dagger.
* * * LOW HITPOINT WARNING * * *
You hit the goblin. Your grab misses the goblin. You squeeze the goblin.
The goblin is heavily wounded.
The bat closely misses you. The goblin hits you with a dagger.
You die...

..###.... .......
...........>...
.......###............###
............... ........#
....!........#####.......
≈≈.......................
$≈.......b...............
≈≈.......................
........@g...............
##..............#####.###
#.......#......#####.#
####...^#......##....###
#.......#......##......#
#.......#......##......#
#..................._...
................###......
..............†.# #......


You could see a goblin and a bat.

Vanquished Creatures
  A worm (D:3)
  A dart slug (D:1)
  3 bats
  A goblin (D:3)
  A kobold (D:2)
  A frilled lizard (D:3)
  A rat (D:2)
9 creatures vanquished.

Notes
Turn   | Place    | Note
-------+----------+-------------------------------------------
     0 | D:1      | M4edhros the Octopode Artificer began the quest for the Orb.
     0 | D:1      | Reached XP level 1. HP: 13/13 MP: 3/3
   181 | D:2      | Reached XP level 2. HP: 14/18 MP: 4/4
   225 | D:3      | Found a hazy altar of Hepliaklqana.
   302 | D:3      | Slain by a goblin

Vault maps used:
D:1:      dpeg_arrival_rooms_b, grunt_decor_one_mirror
D:2:      old_standard_altar, first_bread, minmay_distorted, uniq_terence,
          uniq_natasha
D:3:      nicolae_overflow_crystal_walls, gup_sewer_entry_bowl,
          corexii_item_surrounded_by_moat

Skill      XL: |  1  2 |
---------------+-------+-----
Stealth        | 2 3 |  3.4
Fighting       | |  1.0
Short Blades   | |  1.0
Dodging        | |  2.0
Evocations     | |  3.2

Action                   || total
-------------------------++-------
Melee: Dagger            ||    25
       Constrict         ||     9
       Short sword       ||     5
       Tentacles         ||     4
 Stab: Sleeping          ||     4
Armor: Skin              ||     8
Dodge: Dodged            ||    30
